 Dungeon Crawl Stone Soup version 0.28-a0-247-gb8bfbab023 (webtiles) character file.

Game seed: 8860549411791568441

8738 Lochraine the Grappler (level 11, 0/90 (97) HPs)
             Began as a Ghoul Monk on Aug 24, 2021.
             Was a High Priest of Ru.
             Slain by a cane toad (8 damage)
             ... on level 1 of the Lair of Beasts on Aug 25, 2021.
             The game lasted 00:23:49 (11366 turns).

Lochraine the Grappler (Ghoul Monk)                Turns: 11366, Time: 00:23:49

HP:   0/90 (97)     AC: 16    Str: 25    XL:     11   Next: 35%
MP:   6/10          EV: 11    Int:  5    God:    Ru [*****.]
Gold: 560           SH:  5    Dex: 17    Spells: 10/10 levels left

rFire   + . .      SeeInvis .     - Unarmed
rCold   + . .      Faith    .   l - +0 buckler
rNeg    + + +      Spirit   .   d - +2 chain mail {rF+}
rPois   ∞          Reflect  .   x - +0 helmet
rElec   .          Harm     .   j - +2 cloak
rCorr   .          Rampage  .   (no gloves)
Will    .....                   (no boots)
Stlth   +.........              (no amulet)
HPRegen 0.00/turn               t - +6 ring of strength
MPRegen 0.12/turn               y - +6 ring of dexterity

@: exhausted, unable to drink, inhibited regen, drained
A: no potions, claws 1, cold resistance 1, negative energy resistance 3,
inhibited regeneration, torment resistance 2, inability to drink while
threatened, inability to use devices, unskilled 1
a: Renounce Religion, Draw Out Power, Power Leap, Apocalypse


You were on level 1 of the Lair of Beasts.
You worshipped Ru.
Ru was extremely pleased with you.
You visited 3 branches of the dungeon, and saw 12 of its levels.

You collected 599 gold pieces.
You spent 39 gold pieces at shops.

Inventory:

Missiles
 o - 5 datura-tipped darts (quivered)
 q - 64 poisoned darts
Armour
 b - a +1 cloak
   (You found it on level 9 of the Dungeon)
 d - a +2 chain mail of fire resistance (worn)
   (You found it on level 9 of the Dungeon)
 j - a +2 cloak (worn)
   (You found it on level 2 of the Dungeon)
 l - a +0 buckler (worn)
   (You found it on level 2 of the Dungeon)
 r - a +0 kite shield
   (You found it on level 1 of the Lair of Beasts)
 x - a +0 helmet (worn)
   (You found it on level 3 of the Dungeon)
 H - the +1 ring mail of Moned {*Slow rN+ Str+6}
   (You took it off an orc on level 7 of the Dungeon)

   Str:       It affects your strength (+6).
   rN:        It protects you from negative energy.
   *Slow:     It may slow you when you take damage.
 M - +0 steam dragon scales
   (You found it on level 8 of the Dungeon)
Jewellery
 t - a +6 ring of strength (left claw)
   (You took it off a hobgoblin on level 3 of the Dungeon)
 y - a +6 ring of dexterity (right claw)
   (You found it on level 3 of the Dungeon)
 F - a ring of ice
   (You found it on level 7 of the Dungeon)
 I - a ring of willpower
   (You found it on level 7 of the Dungeon)
Scrolls
 c - a scroll of fog
 e - 5 scrolls of teleportation {@r4}
 g - 2 scrolls of immolation {!r}
 h - 2 scrolls of enchant armour
 i - a scroll of noise {unknown}
 k - 3 scrolls of amnesia
 m - 5 scrolls of torment {unknown}
 n - 4 scrolls of magic mapping {unknown}
 w - 2 scrolls of vulnerability {unknown}
 B - 5 scrolls of identify {@r1}
 D - a scroll of enchant weapon {unknown}
 E - a scroll of silence
 G - a scroll of fear {unknown}
Potions
 a - a potion of resistance {unknown}
 f - 5 potions of curing {unknown}
 p - 7 potions of brilliance
 s - a potion of mutation
 v - a potion of magic {unknown}
 z - 3 potions of might {unknown}
 A - 3 potions of flight {unknown}
 C - 2 potions of invisibility {unknown}
 J - 2 potions of berserk rage {unknown}
 K - a potion of ambrosia {unknown}


   Skills:
 + Level 9.0 Fighting
 + Level 5.4 Armour
 + Level 6.0 Dodging
 + Level 7.5 Stealth
 + Level 3.9 Shields
 + Level 9.0 Unarmed Combat
   Level 0.0 Evocations


You had 10 spell levels left.
You didn't know any spells.
Your spell library contained the following spells:

 Spells                   Type           Power      Damage    Failure   Level
 Animate Skeleton         Necr           0%         N/A       97%         1
 Magic Dart               Conj           0%         1d3       97%         1
 Pain                     Necr           0%         1d4       97%         1
 Searing Ray              Conj           0%         3d3       99%         2
 Static Discharge         Conj/Air       0%         N/A       99%         2
 Ignite Poison            Fire/Tmut/Pois 0%         N/A       100%        3
 Mephitic Cloud           Conj/Pois/Air  0%         N/A       100%        3
 Ozocubu's Armour         Ice            0%         N/A       100%        3
 Portal Projectile        Hex/Tloc       0%         N/A       100%        3
 Tukima's Dance           Hex            0%         N/A       100%        3
 Vampiric Draining        Necr           0%         2d6       100%        3
 Fulminant Prism          Conj/Hex       0%         3d6       100%        4
 Passage of Golubria      Tloc           N/A        N/A       100%        4
 Bolt of Magma            Conj/Fire/Erth 0%         4d4       100%        5
 Excruciating Wounds      Necr           0%         N/A       100%        5
 Lightning Bolt           Conj/Air       0%         1d11      100%        5
 Metabolic Englaciation   Hex/Ice        0%         N/A       100%        5
 Yara's Violent Unravell  Hex/Tmut       0%         3d3       100%        5
 Simulacrum               Ice/Necr       0%         N/A       100%        6
 Maxwell's Capacitive Co  Air            0%         ∞         100%        8
 Blade Hands              Tmut           Unusable   N/A       N/A         5

Dungeon Overview and Level Annotations

Branches:
Dungeon (10/15)            Temple (1/1) D:6            Lair (1/6) D:9
    Orc: D:9-12

Altars:
Ashenzari
Cheibriados
Dithmenos
Elyvilon
Fedhas
Gozag
Hepliaklqana
Kikubaaqudgha
Makhleb
Nemelex Xobeh
Okawaru
Qazlal
Ru
Sif Muna
Trog
Uskayaw
Vehumet
Wu Jian
Xom
Yredelemnul
Zin
The Shining One

Shops:
D:4 ?   D:6 (*

Annotations:
D:4 Dowan, Duvessa
D:8 1 runed translucent door


Innate Abilities, Weirdness & Mutations

You cannot drink.
You thrive by killing the living.
You are immune to poison.
You have sharp fingernails.
Your flesh is cold resistant. (rC+)
You are immune to negative energy. (rN+++)
You do not regenerate when monsters are visible.
You are immune to unholy pain and torment.
You sometimes lose the ability to drink potions when taking damage.
You cannot study or use magical devices.
You are somewhat unskilled. (-1 Apt)


Message History

You claw the komodo dragon! You block the komodo dragon's attack.
You claw the komodo dragon!
You scratch the komodo dragon but do no damage.
The komodo dragon bites you!
You barely miss the komodo dragon. You block the komodo dragon's attack.
You barely miss the komodo dragon. The komodo dragon closely misses you.
The cane toad simulacrum hits you. The cane toad simulacrum freezes you.
You resist.
You feel threatened and lose the ability to drink potions!
* * * LOW HITPOINT WARNING * * *
You don't know any spells.
Unknown command.
You reveal the great annihilating truth to your foes!
You kill the komodo dragon!
The plant begins to die. x2; You feel drained.
You can drink potions again.
You hear an angry hiss.
You hear a croak.
You hear an angry hiss.
You hear an angry growl.
You hear an angry hiss. x2; You hear a croak.
A nearby plant withers and dies.
A nearby plant withers and dies.
You claw the elephant simulacrum! You claw the elephant simulacrum!
The elephant simulacrum barely misses you. x2
You scratch the elephant simulacrum but do no damage.
A cane toad comes into view.
The elephant simulacrum tramples you!
* * * LOW HITPOINT WARNING * * *
The elephant simulacrum freezes you. You resist.
* * * LOW HITPOINT WARNING * * *
The elephant simulacrum barely misses you.
You claw the elephant simulacrum!
A black bear comes into view.
A komodo dragon comes into view.
There is an open door here.
A cane toad comes into view.
The cane toad gives a loud, deep croak!
A water moccasin comes into view.
The cane toad stings you but does no damage.
You scratch the cane toad but do no damage.
The cane toad stings you but does no damage.
You closely miss the cane toad.
You hear the quick crackling of a distant melting archway.
The cane toad stings you!
You feel threatened and lose the ability to drink potions!
* * * LOW HITPOINT WARNING * * *
The cane toad misses you. You block the water moccasin's attack.
The cane toad stings you!
* * * LOW HITPOINT WARNING * * *
Okay, then.
The cane toad stings you!
You die...

##.#..........##..##....#
#..P..........###..S###..
##.'[..........#.....#
##.......^.......##.#
######.#+.###..## ..# .
###.###....# .#... #
#...##SF#### #..# ###
#.###.P..###.###..##..#.
........F@...#.........#
........###†.#.........#
..........####[........#
.......#....#..........#
..........#............#
.........#####.........#
.........# ##.........##
.........P #...........#
.........## ##.........##


You could see a cane toad and a water moccasin.

Vanquished Creatures
  Pikel (D:4)
  2 komodo dragons (Lair:1)
  A polar bear (Lair:1)
  A troll (D:10)
  A hornet (D:9)
  2 wyverns (D:9)
  11 yaks
  3 steam dragons
  An acid dragon (D:8)
  4 water moccasins
  A sky beast (D:6)
  A black bear (D:9)
  3 ice beasts
  3 orc warriors
  2 ogres (D:6)
  5 centaurs
  A kobold brigand (D:9)
  Blork the orc (D:4)
  5 bullfrogs
  2 scorpions
  A cane toad simulacrum (Lair:1)
  5 water moccasin zombies
  2 elephant simulacra (Lair:1)
  A water moccasin skeleton (D:5)
  6 howler monkeys
  7 centaur zombies
  3 hounds
  4 bullfrog zombies
  A jelly (D:5)
  3 orc priests (D:8)
  A human skeleton (D:8)
  3 bullfrog skeletons
  3 centaur skeletons
  2 iguanas
  Ijyb (D:5)
  12 orc wizards
  A scorpion zombie (D:5)
  4 hound zombies (D:5)
  A hound skeleton (D:5)
  3 howler monkey zombies
  A howler monkey skeleton (D:7)
  3 gnolls (D:3)
  4 adders
  A white imp (D:8)
  An ufetubus (D:4)
  2 adder skeletons (D:5)
  4 adder zombies (D:5)
  A worm (D:4)
  2 dart slugs (D:3)
  30 orcs
  9 bats
  6 endoplasms
  4 giant cockroaches
  2 goblins (D:1)
  10 hobgoblins
  7 jackals (D:2)
  4 quokkas
  6 ball pythons
  13 kobolds
  5 rats
230 creatures vanquished.

Vanquished Creatures (others)
  A wyvern (D:8)
  6 fungi (D:9)
  4 plants
  2 withered plants (D:5)
13 creatures vanquished.

Grand Total: 243 creatures vanquished

Notes
Turn   | Place    | Note
-------+----------+-------------------------------------------
     0 | D:1      | Lochraine the Ghoul Monk began the quest for the Orb.
     0 | D:1      | Reached XP level 1. HP: 19/19 MP: 0/0
   459 | D:1      | Reached XP level 2. HP: 25/26 MP: 1/1
  1022 | D:2      | Upgraded the game from 0.28-a0-245-g639a1a48b9 to
                  | 0.28-a0-247-gb8bfbab023
  1190 | D:2      | Reached XP level 3. HP: 24/33 MP: 2/2
  2126 | D:3      | Reached XP level 4. HP: 41/41 MP: 3/3
  2158 | D:3      | Found a faded altar of an unknown god.
  2372 | D:3      | Found a shimmering altar of Xom.
  2374 | D:3      | Found a shimmering altar of Xom.
  2375 | D:3      | Found a shimmering altar of Xom.
  2378 | D:3      | Found a shimmering altar of Xom.
  2418 | D:3      | Reached skill level 1 in Shields
  2418 | D:3      | Reached XP level 5. HP: 33/47 MP: 4/4
  2510 | D:3      | You fall into a shaft and drop 2 floors!
  2510 | D:5      | Entered Level 5 of the Dungeon
  2584 | D:4      | Found Fohinub's Magic Scroll Boutique.
  2831 | D:4      | Bought a scroll of teleportation for 39 gold pieces
  3051 | D:4      | Noticed an ice beast
  3051 | D:4      | Noticed a lemure
  3064 | D:4      | Noticed Pikel
  3067 | D:4      | Reached skill level 5 in Fighting
  3067 | D:4      | Reached skill level 5 in Unarmed Combat
  3067 | D:4      | Noticed a lemure
  3079 | D:4      | Noticed a lemure
  3080 | D:4      | Reached XP level 6. HP: 32/56 MP: 5/5
  3105 | D:4      | Killed Pikel
  3106 | D:4      | Reached XP level 7. HP: 40/63 MP: 6/6
  3423 | D:4      | Noticed Dowan
  3424 | D:4      | Noticed Duvessa
  3584 | D:3      | Found an ornate altar of the Wu Jian Council.
  4057 | D:3      | Found a radiant altar of Vehumet.
  4360 | D:4      | Noticed Blork the orc
  4398 | D:4      | Killed Blork the orc
  4399 | D:4      | Reached XP level 8. HP: 56/71 MP: 7/7
  4615 | D:5      | Reached skill level 1 in Armour
  5383 | D:5      | Reached XP level 9. HP: 69/79 MP: 8/8
  5757 | D:5      | Noticed Ijyb
  5758 | D:5      | Paralysed by Ijyb for 2 turns
  5772 | D:5      | Killed Ijyb
  6021 | D:6      | Found a staircase to the Ecumenical Temple.
  6030 | Temple   | Entered the Ecumenical Temple
  6180 | Temple   | Became a worshipper of Ru the Awakened
  6190 | Temple   | Gained mutation: You sometimes lose the ability to drink
                  | potions when taking damage. [Ru sacrifice]
  6190 | Temple   | Reached * piety under Ru
  6345 | D:6      | Found Pyrphas's Weapon Shoppe.
  6529 | D:6      | Reached skill level 5 in Stealth
  6660 | D:6      | Found Gozag's Platinum Reserve.
  6660 | D:6      | Found an opulent altar of Gozag.
  7176 | D:7      | Reached skill level 1 in Evocations
  7497 | D:7      | Identified the +1 ring mail of Moned {*Slow rN+ Str+6}
  7985 | D:8      | Found an ancient bone altar of Kikubaaqudgha.
  8061 | D:8      | Reached skill level 5 in Dodging
  8148 | D:8      | Found a runed translucent door.
  8154 | D:8      | Reached XP level 10. HP: 89/89 MP: 9/9
  8172 | D:8      | Found an iron altar of Okawaru.
  8180 | D:8      | Gained mutation: You cannot study or use magical devices.
                  | [Ru sacrifice]
  8180 | D:8      | Reached ** piety under Ru
  8180 | D:8      | Reached *** piety under Ru
  8586 | D:8      | Found a hide-covered altar of Uskayaw.
  8626 | D:8      | Found a basalt altar of Yredelemnul.
  9134 | D:9      | Reached skill level 5 in Armour
  9694 | D:9      | Found a shadowy altar of Dithmenos.
  9770 | D:9      | Found a staircase to the Lair.
  9979 | D:9      | Reached XP level 11. HP: 86/97 MP: 10/10
 10066 | D:10     | Entered Level 10 of the Dungeon
 10593 | D:10     | Gained mutation: You are somewhat unskilled. (-1 Apt) [Ru
                  | sacrifice]
 10593 | D:10     | Reduced skill Dodging to level 5
 10593 | D:10     | Reached **** piety under Ru
 10593 | D:10     | Reached ***** piety under Ru
 10902 | Lair:1   | Entered Level 1 of the Lair of Beasts
 11366 | Lair:1   | Slain by a cane toad

Illustrated notes

Levels and vault maps discovered:
D:1:      shiori_arrival_maze, layout_basic, st_stairs_5
D:2:      layout_loops_corners, minmay_hexomino_f4
D:3:      layout_basic, xom_redecorated, nzn_wu_jian_council_hall,
          general_overflow_altar, shapermc_ecumenical_altar_acropolis,
          kennysheep_generic_room_6
D:4:      layout_basic, serial_shops, shop, uniq_duvessa, uniq_blork_the_orc,
          uniq_pikel
D:5:      layout_cave_pools, serial_undead, serial_undead_b, serial_undead_c,
          serial_undead_d, serial_undead_b, serial_undead_a, serial_undead_f,
          serial_undead_a, serial_undead_e, serial_undead_d, serial_undead_b,
          st_stairs_14, chequers_serial_rivers_micro_b, uniq_ijyb
D:6:      layout_loops_ring, nicolae_gozag_zags_fifth_avenue,
          minmay_temple_entry_statues_pillars, serial_shops, shop
D:7:      layout_loops_ring, minmay_hedge_maze, kennysheep_generic_room_2
D:8:      layout_cave_pools, dk_yredelemnul_ordeal,
          mainiacjoe_overflow_alcove_1, mainiacjoe_overflow_big_doors
D:9:      layout_long_grid, lemuel_coloured_pillars_altar,
          grunt_lair_entry_orc_guard_hut, nicolae_sextant, minivault_23
D:10:     layout_irregular_city, zin_scriptorium
Temple:   chequers_temple_sunken
Lair:1:   layout_roguey, portal_ice_cave_entry_ice_simulacra,
          beast_lair_carwin_7, grunt_megastairs_2

Skill      XL: |  1  2  3  4  5  6  7  8  9 10 11 |
---------------+----------------------------------+-----
Unarmed Combat | 4 5 6 7 8 9 9 |  9.0
Fighting       | 4 5 6 7 8 9 9 |  9.0
Shields        | 1 2 3 4 3 |  3.9
Dodging        | 3 5 6 6 |  6.0
Armour         | 2 4 5 |  5.4
Stealth        | 4 6 7 7 |  7.5
Evocations     | 1 0 |  0.0

Action                   |  1- 3 |  4- 6 |  7- 9 | 10-12 || total
-------------------------+-------+-------+-------+-------++-------
Melee: Unarmed           |   155 |   112 |   464 |   316 ||  1047
       Punch             |       |     2 |       |       ||     2
Throw: Dart              |       |       |     3 |       ||     3
Invok: Sacrifice Drink   |       |       |     1 |       ||     1
       Sacrifice Artific |       |       |       |     1 ||     1
       Power Leap        |       |       |       |     2 ||     2
       Apocalypse        |       |       |       |     1 ||     1
       Sacrifice Skill   |       |       |       |     1 ||     1
Evoke: Wand              |       |       |     4 |       ||     4
  Use: Scroll            |       |     7 |       |     3 ||    10
       Potion            |       |     2 |       |       ||     2
 Stab: Sleeping          |     6 |     1 |     4 |     2 ||    13
       Paralysed         |       |       |     6 |       ||     6
       Distracted        |       |       |     2 |       ||     2
       Invisible         |       |       |       |     8 ||     8
Armor: Robe              |     5 |       |       |       ||     5
       Leather armour    |    41 |    51 |    10 |       ||   102
       Scale mail        |       |       |   167 |       ||   167
       Steam dragon scal |       |       |       |    36 ||    36
       Chain mail        |       |       |       |    90 ||    90
Dodge: Dodged            |    91 |    69 |   230 |   142 ||   532
Block: Buckler           |       |       |   118 |    60 ||   178

Table legend: (Time is in decaauts)
 A = Elapsed time spent in this place.
 B = Non-inter-level travel time spent in this place.
 C = Inter-level travel time spent in this place.
 D = Time resting spent in this place.
 E = Time spent auto-exploring this place.
 F = Levels seen in this place.
 G = Mean time per level.
                   A        B        C        D        E       F      G
               +--------+--------+--------+--------+--------+-----+--------+
         Total |  11257 |  10860 |    397 |    479 |   8253 |  12 |  938.1 |
       Dungeon |  10589 |  10209 |    380 |    297 |   7917 |  10 | 1058.9 |
        Temple |    212 |    195 |     17 |      0 |    182 |   1 |  212.0 |
          Lair |    455 |    455 |      0 |    182 |    153 |   1 |  455.0 |
               +--------+--------+--------+--------+--------+-----+--------+

Top non-repeatable levels by time:
     D:5: 1331 daAuts
     D:9: 1324 daAuts
     D:3: 1261 daAuts
     D:4: 1115 daAuts
     D:6: 1083 daAuts
     D:2: 1039 daAuts
     D:1: 1018 daAuts
     D:7: 866 daAuts
    D:10: 818 daAuts
     D:8: 730 daAuts
  Lair:1: 455 daAuts
  Temple: 212 daAuts
